 Dungeon Crawl Stone Soup version 0.18-a0-1197-g8004e50 (webtiles) character file.

74 Duffy the Ruffian (level 4, 0/35 HPs)
             Began as a Draconian Transmuter on Jan 30, 2016.
             Slain by a kobold
             ... wielding a +0 whip
              (4 damage)
             ... on level 3 of the Dungeon.
             The game lasted 00:02:29 (2654 turns).

Duffy the Ruffian (Draconian Transmuter)            Turns: 2654, Time: 00:02:30

Health: 0/35       AC:  2    Str: 13    XL:     4   Next: 9%
Magic:  2/7        EV: 19    Int: 13    God:
Gold:   107        SH:  0    Dex: 17    Spells: 2 memorised, 3 levels left

rFire  . . .     SeeInvis .       - Unarmed
rCold  . . .     Gourm    .     (armour unavailable)
rNeg   . . .     Faith    .     (shield currently unavailable)
rPois  x         Spirit   .     (helmet currently unavailable)
rElec  .         Dismiss  .     (cloak currently unavailable)
rCorr  .         Reflect  .     (gloves currently unavailable)
SustAt .         Harm     .     (boots currently unavailable)
MR     .....                    (no amulet)
Stlth  ++........               (no ring)
                                (no ring)

@: spider-form (expiring), very slightly contaminated, not resistant to hostile
enchantments, unstealthy
A: unfitting armour, (cold-blooded), AC +5
a: End Transformation


You were on level 3 of the Dungeon.
You were not hungry.
You were a venomous arachnid creature.
You visited 1 branch of the dungeon, and saw 3 of its levels.

You collected 107 gold pieces.


Innate Abilities, Weirdness & Mutations

((Your plain brown scales are hard (AC +5).))
Your body does not fit into most forms of armour.
((You are cold-blooded and may be slowed by cold attacks.))


   Skills:
 - Level 1.2 Fighting
 - Level 1.8 Dodging
 + Level 4.1 Unarmed Combat
 - Level 2.0 Spellcasting
 + Level 2.0 Transmutations
 - Level 2.2 Poison Magic


You had 3 spell levels left.
You knew the following spells:

 Your Spells              Type           Power        Failure   Level  Hunger
a - Spider Form           Trmt/Pois      #.........   56%         3    ####...
b - Beastly Appendage     Trmt           #.....       28%         1    ##.....

Inventory:

Scrolls
 d - 5 scrolls of identify {unknown}
 f - a scroll of teleportation {unknown}
 g - a scroll of enchant armour {unknown}
 h - 2 scrolls of fear {unknown}
 i - a scroll of remove curse {unknown}
 j - a scroll of immolation {unknown}
 n - a scroll of recharging {unknown}
 o - a scroll of magic mapping {unknown}
Potions
 e - 2 potions of flight {unknown}
 k - a potion of heal wounds {unknown}
 l - a potion of curing {unknown}
Books
 b - a book of Changes
Comestibles
 a - 3 meat rations
 c - 2 bread rations

Dungeon Overview and Level Annotations

Branches:
Dungeon (3/15)

Altars:


Message History

You are too injured to fight recklessly!
You are too injured to fight recklessly!
You are too injured to fight recklessly!
You are too injured to fight recklessly!
You are too injured to fight recklessly!
You are too injured to fight recklessly!
You are too injured to fight recklessly!
The kobold closely misses you.
Cast which spell? (? or * to list)
You miscast Spider Form.
You are very lightly contaminated with residual magic.
Nothing appears to happen.
The orc barely misses you.
Cast which spell? (? or * to list)
You turn into a venomous arachnid creature.
You hit the orc.
The orc is poisoned.
The orc is lightly wounded.
The orc barely misses you.
You barely miss the orc.
The orc is lightly wounded.
The orc completely misses you.
You barely miss the orc.
The orc is moderately wounded.
The orc misses you.
You hit the orc but do no damage.
The orc looks even sicker.
The orc is moderately wounded.
You hit the orc but do no damage.
The orc is heavily wounded.
The orc hits you with a morningstar of protection.
You hit the orc.
You kill the orc!
Your transformation is almost over.
You hit the kobold.
The kobold is severely wounded.
The kobold hits you with a whip.
You die...

#. #.# #. #.# #.#######.#
#......##.# #.
.#####..?...##.# #.
...........w...#.. #.
#......(..K.##w#.# #.
#.......######K#.# ..# #.
#.......# #s#.# #..# # .
#. ##<..#..#
#.#.###..###..###.
#...#..#
#.#............... #...
#..######.#.###...##..###.
#..
#.........................
...
..........................
..........................
#.###.###.#.###...........
. #. ...#.# #.......##..


You could see a worm and a kobold.

Action                   |  1- 3 |  4- 6 || total
-------------------------+-------+-------++-------
Melee: Unarmed           |   152 |    21 ||   173
 Cast: Spider Form       |     1 |     1 ||     2
  Eat: Chunk             |     4 |     2 ||     6

Notes
Turn   | Place    | Note
--------------------------------------------------------------
     0 | D:1      | Duffy the Draconian Transmuter began the quest for the Orb.
     0 | D:1      | Reached XP level 1. HP: 16/16 MP: 3/3
   342 | D:1      | Reached XP level 2. HP: 23/23 MP: 5/5
  1128 | D:2      | Reached skill level 4 in Unarmed Combat
  1348 | D:2      | Reached XP level 3. HP: 23/28 MP: 6/6
  1355 | D:2      | Learned a level 3 spell: Spider Form
  1947 | D:2      | Reached skill level 1 in Poison Magic
  2190 | D:3      | Reached skill level 2 in Poison Magic
  2205 | D:3      | Reached XP level 4. HP: 7/35 MP: 2/7
  2654 | D:3      | Slain by a kobold

Vault maps used:
D:1:      ncdulo_lavacross

Vanquished Creatures
  An adder
  3 worms
  A giant gecko
  6 orcs
  3 giant cockroaches
  8 goblins
  6 hobgoblins
  5 kobolds
  2 ball pythons
  6 bats
  A giant newt
  5 rats
47 creatures vanquished.
